 Dungeon Crawl Stone Soup version 0.22-a0-570-g58866f5 (webtiles) character file.

21587 iamserjio the Blocker (level 12, -22/115 HPs)
             Began as a Gargoyle Fighter on June 30, 2018.
             Was an Elder of Trog.
             Killed from afar by a frost giant (40 damage)
             ... with a bolt of cold
             ... in an ice cave.
             The game lasted 00:42:36 (5733 turns).

iamserjio the Blocker (Gargoyle Fighter)            Turns: 5733, Time: 00:42:37

Health: -22/115    AC: 35    Str: 27    XL:     12   Next: 91%
Magic:  21/21      EV:  5    Int:  6    God:    Trog [****..]
Gold:   843        SH: 30    Dex: 11    Spells: 11/11 levels left

rFire    + . .     SeeInvis .   B - +0 broad axe
rCold    . . .     Gourm    .   S - +10 large shield of Ignorance {rN+ Int-4}
rNeg     + + .     Faith    .   u - +3 plate armour
rPois    ∞         Spirit   .   (no helmet)
rElec    +         Reflect  .   P - +1 cloak
rCorr    .         Harm     .   L - +1 pair of gloves
MR       .....                  G - +2 pair of boots
Stlth    ..........             K - amulet of the acrobat
HPRegen  0.29/turn              C - ring of protection from fire
MPRegen  0.17/turn              d - ring of magical power

@: berserking, studying Armour, very quick
A: negative energy resistance 1, electricity resistance, unbreathing,
petrification resistance, rot immunity, AC +8
a: Berserk, Trog's Hand, Brothers in Arms, Renounce Religion


You were in an ice cave.
You worshipped Trog.
Trog was greatly pleased with you.
You were not hungry.

You visited 3 branches of the dungeon, and saw 15 of its levels.
You also visited: Bailey and Ice Cave.

You collected 843 gold pieces.

Inventory:

Hand Weapons
 a - a +0 war axe
 b - a +1 morningstar of distortion
 q - a +0 blowgun
 s - a +0 hand axe
 y - a +0 whip of venom
 A - a +0 morningstar
 B - a +0 broad axe (weapon)
 E - a cursed +0 bardiche
 T - a +0 battleaxe of freezing
Missiles
 r - 22 poisoned needles
 t - a throwing net (quivered) {!f}
 R - 4 poisoned javelins
Armour
 c - a +0 shield
 u - a +3 plate armour (worn)
 z - +0 steam dragon scales
 G - a +2 pair of boots (worn)
 H - a +1 robe of the Archmagi
 I - a +1 chain mail of poison resistance
 L - a +1 pair of gloves (worn)
 P - a +1 cloak (worn)
 S - the +10 large shield of Ignorance (worn) {rN+ Int-4}
   (You found it on level 10 of the Dungeon)

   It affects your intelligence (-4).
   It protects you from negative energy.
Jewellery
 d - a ring of magical power (right hand)
 C - a ring of protection from fire (left hand)
 K - an amulet of the acrobat (around neck)
Wands
 n - a wand of disintegration (10)
 p - a wand of random effects (16)
 N - a wand of scattershot (8)
Scrolls
 g - a scroll of remove curse {@r2}
 h - 3 scrolls of enchant weapon
 v - 2 scrolls of amnesia
Potions
 e - a potion of agility
 i - 2 potions of curing {unknown}
 j - 2 potions of heal wounds
 k - 2 potions of haste
 l - a potion of mutation {unknown}
 m - a potion of magic {unknown}
 o - 2 potions of resistance {unknown}
 w - a potion of ambrosia {unknown}
 M - a potion of lignification {unknown}
 O - 3 potions of might
 Q - a potion of brilliance {unknown}
Books
 D - a manual of
Armour
 J - a manual of Armour
Miscellaneous
 F - a phial of floods
Comestibles
 f - 8 rations


   Skills:
 + Level 10.0 Fighting
 * Level 11.3 Axes
 + Level 11.9 Armour
 * Level 13.4 Shields


You had 11 spell levels left.
You didn't know any spells.
Your spell library contained the following spells:

 Spells                   Type           Power        Failure   Level  Hunger
 Spider Form              Tmut/Pois      #.........   100%        3    ####...
 Blade Hands              Tmut           #.........   100%        5    ######.
 Ice Form                 Ice/Tmut       #.......     100%        4    #####..
 Sticks to Snakes         Tmut           #.......     100%        2    ###....
 Beastly Appendage        Tmut           #.....       100%        1    ##.....


Dungeon Overview and Level Annotations

Branches:
Dungeon (12/15)            Temple (1/1) D:6            Lair (0/6) D:11
    Orc (2/2) D:11
    Elf: Orc:2

Altars:
Cheibriados
Fedhas
Hepliaklqana
Kikubaaqudgha
Nemelex Xobeh
Okawaru
Qazlal
Ru
Sif Muna
Trog
Vehumet
Xom
Yredelemnul
Zin
The Shining One

Shops:
D:6 (

Annotations:
D:8 3 runed doors, Hebeh's ghost, novice MiFi IceCv exclusion: ice statue


Innate Abilities, Weirdness & Mutations

You are resistant to torment.
Your stone body is resilient. (AC +8)
You are immune to poison.
You resist negative energy. (rN+)
You are resistant to electric shocks. (rElec)
You can survive without breathing.
You are immune to petrification.
You are immune to rotting.


Message History

* * * LOW HITPOINT WARNING * * *
You block the polar bear's attack. x2
The polar bear claws you but does no damage.
You slash the frost giant!
The frost giant is almost dead.
You slash the polar bear! You closely miss the yak. You slash the yak!
You kill the yak!
Trog accepts your kill. You block the yak's attack.
You block the frost giant's attack.
You slash the frost giant!
The frost giant is almost dead.
You slice the polar bear!! You slash the yak!
You block the polar bear's attack. x2
The polar bear claws you but does no damage.
Your shield and plate armour prevent you from hitting the frost giant.
The frost giant is almost dead.
You barely miss the yak. You completely miss the polar bear.
The frost giant gestures at you while chanting.
The bolt of cold hits you!
You die...

####.. ##...
### #....#
##.....##
........#
........##
.......Y.##
.....YCh†.#
###@Y.#
##)##..# #.
##...#..# #.
#).).#..# ###
..#.......#≈≈#
##.##
#.##......#≈≈#
#.#..
#..#......#≈≈#
#..#.
#..##.....#≈≈#
##.##.
#..###..##≈≈#
##..###


You could see a frost giant, a polar bear and 3 yaks.

Vanquished Creatures
  A stone giant (Orc:1)
  Josephine (D:11)
  2 two-headed ogres
  3 death yaks
  4 orc knights
  An ugly thing (D:10)
  A cyclops (Orc:2)
  Maurice (D:11)
  A centaur zombie (D:12)
  A gargoyle (D:12)
  A yaktaur (D:12)
  2 ice devils (Orc:2)
  5 trolls
  A troll (shapeshifter) (D:12)
  7 polar bears (IceCv)
  A slime creature (D:12)
  2 hippogriffs
  Sigmund (D:6)
  14 yaks
  A wyvern (D:10)
  3 wraiths (D:11)
  A steam dragon (D:8)
  A warg (Orc:1)
  2 porcupines
  A swamp drake (D:11)
  17 orc warriors
  2 ice beasts
  3 black bears (D:10)
  2 phantoms
  5 ogres
  4 sky beasts
  7 wolves (IceCv)
  A centaur (D:12)
  Blork the orc (D:6)
  3 big kobolds
  2 bullfrogs
  3 killer bees (D:7)
  4 scorpions
  3 howler monkeys
  3 wights (D:11)
  3 crimson imps
  A bullfrog zombie (D:5)
  4 hounds
  7 orc priests
  3 bullfrog skeletons
  A jelly (D:11)
  8 orc wizards
  4 iguanas
  3 worker ants
  A killer bee zombie (D:10)
  A howler monkey zombie (D:7)
  9 adders
  2 river rats (D:11)
  2 shadow imps (D:8)
  An adder zombie (D:9)
  A worm (D:2)
  A dart slug (D:3)
  3 leopard geckos
  49 orcs
  3 bats
  3 giant cockroaches
  3 goblins
  A hobgoblin (D:3)
  4 jackals
  5 quokkas
  A frilled lizard (D:2)
  22 kobolds
  A quokka skeleton (D:8)
  A quokka zombie (D:6)
  6 rats
273 creatures vanquished.

Vanquished Creatures (collateral kills)
  An orc warrior (Bailey)
1 creature vanquished.

Vanquished Creatures (others)
  A bullfrog (D:8)
1 creature vanquished.

Grand Total: 275 creatures vanquished

Notes
Turn   | Place    | Note
-------+----------+-------------------------------------------
     0 | D:1      | iamserjio the Gargoyle Fighter began the quest for the Orb.
     0 | D:1      | Reached XP level 1. HP: 14/14 MP: 1/1
   116 | D:1      | You fall through a shaft!
   180 | D:2      | Reached XP level 2. HP: 15/19 MP: 2/2
   267 | D:2      | Found a glowing silver altar of Zin.
   352 | D:1      | Reached XP level 3. HP: 21/23 MP: 3/3
   573 | D:3      | Found a shimmering altar of Xom.
   778 | D:4      | Reached skill level 4 in Shields
   778 | D:4      | Reached XP level 4. HP: 17/29 MP: 4/4
   986 | D:4      | Reached XP level 5. HP: 23/33 MP: 5/5
  1000 | D:5      | Entered Level 5 of the Dungeon
  1094 | D:6      | Noticed an ice beast
  1104 | D:6      | Killed an ice beast
  1104 | D:6      | Reached skill level 5 in Shields
  1104 | D:6      | Reached XP level 6. HP: 29/38 MP: 6/6
  1118 | D:6      | Noticed Blork the orc
  1127 | D:6      | Killed Blork the orc
  1254 | D:7      | Reached XP level 7. HP: 44/44 MP: 7/7
  1366 | D:6      | Found Paschuass's Weapon Shoppe.
  1402 | D:6      | Found a staircase to the Ecumenical Temple.
  1410 | Temple   | Entered the Ecumenical Temple
  1446 | Temple   | Became a worshipper of Trog the Wrathful
  1477 | D:6      | Noticed Sigmund
  1486 | D:6      | Reached skill level 6 in Shields
  1500 | D:6      | Killed Sigmund
  1500 | D:6      | Reached skill level 5 in Fighting
  1500 | D:6      | Reached skill level 5 in Armour
  1562 | D:5      | Reached XP level 8. HP: 39/49 MP: 8/8
  1627 | D:5      | Reached skill level 5 in Axes
  1954 | D:7      | Reached * piety under Trog
  2047 | D:7      | Reached skill level 7 in Shields
  2095 | D:7      | Noticed a hippogriff
  2101 | D:7      | Killed a hippogriff
  2204 | D:7      | You fall through a shaft for 3 floors!
  2204 | D:10     | Entered Level 10 of the Dungeon
  2241 | D:10     | Reached XP level 9. HP: 25/55 MP: 9/9
  2357 | D:9      | Reached skill level 8 in Shields
  2365 | D:9      | Reached ** piety under Trog
  2597 | D:8      | Noticed a two-headed ogre
  2610 | D:8      | Killed a two-headed ogre
  2804 | D:8      | Reached skill level 9 in Shields
  2815 | D:8      | Found a runed gate.
  2815 | D:8      | Found a runed gate.
  2815 | D:8      | Found a runed gate.
  2815 | D:8      | Noticed a wolf spider
  2815 | D:8      | Noticed Hebeh's ghost (novice MiFi)
  2822 | D:8      | Noticed a two-headed ogre
  2989 | D:9      | Found an iron altar of Okawaru.
  2990 | D:9      | Found a sparkling altar of Nemelex Xobeh.
  3123 | D:9      | Reached XP level 10. HP: 48/61 MP: 10/10
  3400 | D:11     | Found a flagged portal.
  3414 | Bailey   | Entered a bailey
  3667 | Bailey   | Noticed an orc knight
  3691 | Bailey   | Killed an orc knight
  3691 | Bailey   | Reached skill level 10 in Shields
  3781 | D:11     | Noticed a death yak
  3781 | D:11     | Noticed Maurice
  4070 | D:11     | Noticed Josephine
  4081 | D:11     | Killed Josephine
  4086 | D:11     | Reached XP level 11. HP: 68/68 MP: 11/11
  4144 | D:12     | Reached skill level 11 in Shields
  4373 | D:11     | Noticed a two-headed ogre
  4446 | D:11     | Noticed a death yak
  4447 | D:11     | Noticed a death yak
  4466 | D:11     | Killed a death yak
  4567 | D:12     | Noticed an orc knight
  4597 | D:12     | Killed an orc knight
  4597 | D:12     | Reached skill level 10 in Armour
  4609 | D:12     | Got a slimy golden amulet
  4611 | D:12     | Identified the amulet of the Imp {Harm *Drain Dex+4} (You found it on level 12 of the Dungeon)
  4614 | D:12     | Noticed an ogre mage
  4620 | D:12     | Noticed a deep elf knight
  4633 | D:12     | Reached skill level 10 in Axes
  4637 | D:12     | Noticed a cyan ugly thing
  4653 | D:12     | Noticed a red ugly thing
  4681 | D:11     | Killed Maurice
  4681 | D:11     | Reached skill level 12 in Shields
  4785 | D:10     | Found the +10 large shield of Ignorance {rN+ Int-4}
  4834 | D:10     | Reached *** piety under Trog
  4862 | D:10     | Noticed a red ugly thing
  4873 | D:10     | Killed a red ugly thing
  5000 | D:10     | Killed a death yak
  5000 | D:10     | Reached XP level 12. HP: 76/76 MP: 12/12
  5028 | D:10     | Killed a death yak
  5039 | D:11     | Found a staircase to the Lair.
  5047 | D:11     | Killed a two-headed ogre
  5159 | D:11     | Found a staircase to the Orcish Mines.
  5204 | Orc:1    | Entered Level 1 of the Orcish Mines
  5323 | Orc:1    | Noticed a stone giant
  5337 | Orc:1    | Killed a stone giant
  5337 | Orc:1    | Reached **** piety under Trog
  5417 | Orc:2    | Entered Level 2 of the Orcish Mines
  5426 | Orc:2    | Reached skill level 13 in Shields
  5458 | Orc:2    | Found a frozen archway.
  5513 | IceCv    | Entered an ice cave
  5630 | IceCv    | Reached skill level 10 in Fighting
  5718 | IceCv    | Noticed a frost giant
  5733 | IceCv    | Killed from afar by a frost giant

Vault maps used:
D:1:      ncdulo_halloftheorcs, serial_forest, infiniplex_forest_straight_2,
          infiniplex_forest_lined_2, infiniplex_forest_join,
          infiniplex_forest_lined_room_2, infiniplex_forest_lined_corner,
          infiniplex_forest_clump_small, infiniplex_forest_end_2,
          infiniplex_forest_clump_tiny, infiniplex_forest_clump_medium
D:2:      zin_scriptorium, first_ration
D:3:      lemuel_doored_altar, xom_teletrap_fun
D:4:      hangedman_abyss_or_decor_passed
D:5:      nicolae_dithmenos_shadow_blocks, basic_altar
D:6:      minmay_temple_entry_mist, serial_shops, kennysheep_little_box,
          uniq_blork_the_orc, uniq_sigmund
D:8:      nicolae_overflow_crystal_walls, gammafunk_ghost_split, serial_shops,
          nicolae_shop_stone
D:9:      gammafunk_temple_overflow_pools
D:10:     serial_park_tiny_1, minmay_nine_imps
D:11:     dpeg_lair_monsters, erik_orc_1, enter_bailey_2, uniq_maurice,
          uniq_josephine
D:12:     minmay_triangles_in_corner, serial_shops, nicolae_shop_behind_doors,
          nicolae_shop_behind_doors
Temple:   nicolae_temple_elliptical
Orc:1:    basic_altar, nooodl_orcs_dogs
Orc:2:    grunt_orc_cross, portal_ice_cave_demonic_guard, serial_shops,
          shop_fountains, shop, uniq_snorg
Bailey:   bailey_polearm_2, bailey
IceCv:    ice_cave_small_giant

Skill      XL: |  1  2  3  4  5  6  7  8  9 10 11 12 |
---------------+-------------------------------------+-----
Axes           | 2 3 4 6 7 8 10 11 | 11.3
Shields        | 4 5 6 7 9 10 12 13 | 13.4
Armour         | 4 5 6 7 8 10 11 | 11.9
Fighting       | 4 5 6 8 9 10 | 10.0

Action                   |  1- 3 |  4- 6 |  7- 9 | 10-12 || total
-------------------------+-------+-------+-------+-------++-------
Melee: War axe           |   115 |    66 |   359 |   680 ||  1220
       Broad axe         |       |       |       |   143 ||   143
Invok: Berserk           |       |       |     4 |    18 ||    22
       Trog's Hand       |       |       |     2 |    15 ||    17
Evoke: Wand              |       |       |       |     4 ||     4
       Phial of floods   |       |       |       |     1 ||     1
  Use: Scroll            |     5 |     1 |     2 |    10 ||    18
       Potion            |       |       |     2 |     8 ||    10
  Eat: Chunk             |       |     1 |     7 |    27 ||    35
       Ration            |       |       |     1 |     2 ||     3
Armor: Scale mail        |    62 |       |       |       ||    62
       Chain mail        |       |    29 |    50 |       ||    79
       Plate armour      |       |       |   276 |   520 ||   796
Dodge: Dodged            |    41 |    16 |    84 |   139 ||   280
Block: Shield            |    60 |    40 |   265 |   376 ||   741
       Large shield      |       |       |       |   474 ||   474

Table legend:
 A = Spawn XP
 B = Non-spawn XP
 C = Spawn XP percentage of total XP
 D = Spawn monster count
 E = Non-spawn monster count
 F = Spawn count percentage of total count
 G = Total turns spent on level
                    A         B        C        D         E        F      G
               +---------+---------+-------+---------+---------+-------+---------
         Total |       0 |   30839 |   0.0 |       0 |     274 |   0.0 |  5733
               +---------+---------+-------+---------+---------+-------+---------
           D:1 |       0 |      14 |   0.0 |       0 |       8 |   0.0 |   175
           D:2 |       0 |      26 |   0.0 |       0 |       8 |   0.0 |   316
           D:3 |       0 |      15 |   0.0 |       0 |       9 |   0.0 |   171
           D:4 |       0 |     149 |   0.0 |       0 |       5 |   0.0 |   340
           D:5 |       0 |     147 |   0.0 |       0 |       5 |   0.0 |   258
           D:6 |       0 |     705 |   0.0 |       0 |      16 |   0.0 |   341
           D:7 |       0 |    1185 |   0.0 |       0 |      35 |   0.0 |   542
           D:8 |       0 |    1380 |   0.0 |       0 |      12 |   0.0 |   429
           D:9 |       0 |    1476 |   0.0 |       0 |      15 |   0.0 |   551
          D:10 |       0 |    3647 |   0.0 |       0 |      21 |   0.0 |   687
          D:11 |       0 |    5655 |   0.0 |       0 |      48 |   0.0 |   747
          D:12 |       0 |    5137 |   0.0 |       0 |      25 |   0.0 |   269
         Orc:1 |       0 |    4168 |   0.0 |       0 |      22 |   0.0 |   213
         Orc:2 |       0 |    1800 |   0.0 |       0 |       5 |   0.0 |    96
        Bailey |       0 |    1588 |   0.0 |       0 |      22 |   0.0 |   317
         IceCv |       0 |    3747 |   0.0 |       0 |      18 |   0.0 |   220
               +---------+---------+-------+---------+---------+-------+---------
